AoeStats
← Kairos

Arabian Desert

508576849Analyzed
1v1 RM · 7d ago on Sep 23, 2026· 45m 19s· 2 players
Game mode
Random Map
Map size
Tiny (2 player)
Population
200
Speed
Normal
Resources
Standard
Victory
Conquest
Starting age
Dark Age
Ending age
Imperial Age
RankedLock teamsTeams togetherTeam positionsShared explorationLock speedFull tech treeHidden civsTurbo modeCheats
Victory
Defeat
🇺🇸 Shu · United States
956
+15
🇺🇸 Koreans · United States
931
-15
yzzgeorge
7:13 Loom
11:12 Feudal Age
18:28 Castle Age
20:24 Wheelbarrow
23:05 Elite Skirmisher
26:07 Fletching
33:01 Forging
33:18 Double-Bit Axe
43:45 Imperial Age
41:58 Bodkin Arrow
43:34 Bow Saw
44:34 Bracer
Kairos
6:46 Loom
9:05 Feudal Age
9:54 Double-Bit Axe
13:02 Horse Collar
17:32 Fletching
20:19 Castle Age
20:02 Padded Archer Armor
21:20 Bow Saw
20:46 Crossbowman
22:06 Bodkin Arrow
23:20 Thumb Ring
26:18 Wheelbarrow
26:10 Heavy Plow
26:46 Town Watch
29:31 Hand Cart
29:39 Elite Skirmisher
37:08 Imperial Age
34:41 Town Patrol
35:09 Ballistics
35:34 Husbandry
36:46 Gold Mining
40:04 Arbalester
42:25 Gold Shaft Mining
42:47 Conscription
43:07 Hoardings
44:55 Two-Man Saw
44:22 Bracer
Connection lost

Rejoining the realm…

Still unreachable

The connection could not be restored.

Session expired

The server has moved on; the page needs a fresh start.